cohdb
Replays
Latest Replays
All Replays
Popular Replays
Top Player Replays
Match Explorer
How It Works
Community
CoH3 Stats
Reddit
Sign in to upload your games and track your stats! →
Sign in with Steam
Match 43692732
Unlisted
Match 43692732
Overview
Messages
Build Orders
End
Engineer Squad
Construct Weapon Support Center
M1919 Machine Gun Team
M1919 Machine Gun Team
M1919 Machine Gun Team
Bazooka Squad
Mechanized Support Center
M3 Armored Personnel Carrier
Selects Heavy Weapons
Selects Assault Carriers
Construct Medical Station
Selects Exchangeable Parts
Designate Forward Repair Station
M3 Assault Carrier
M3 Assault Carrier
M1919 Machine Gun Team
Construct Motor Pool
M1 Anti-tank Gun Team
M8 Greyhound Armored Car
Engineer Squad
M1 Anti-tank Gun Team
Improvised Armor
Onoyk
VndctL
0
0
Comments
sign in to comment!
No comments posted yet!